 Dungeon Crawl Stone Soup version 0.19-a0-926-g4486784 (webtiles) character file.

31 George the Slasher (level 3, 0/27 HPs)
             Began as a Demonspawn Gladiator on July 6, 2016.
             Slain by a gnoll
             ... wielding a +0 spear
              (3 damage)
             ... on level 1 of the Dungeon.
             The game lasted 00:02:13 (1206 turns).

George the Slasher (Demonspawn Gladiator)           Turns: 1206, Time: 00:02:14

Health: 0/27       AC:  8    Str: 16    XL:     3   Next: 7%
Magic:  3/3        EV:  2    Int:  9    God:
Gold:   58         SH:  0    Dex: 13    Spells: 0 memorised, 2 levels left

rFire  . . .     SeeInvis .     a - +0 long sword
rCold  . . .     Gourm    .     l - +0 chain mail (curse)
rNeg   . . .     Faith    .     (no shield)
rPois  .         Spirit   .     (helmet restricted)
rElec  .         Dismiss  .     (no cloak)
rCorr  .         Reflect  .     (no gloves)
SustAt .         Harm     .     (no boots)
MR     .....                    (no amulet)
Stlth  ..........               (no ring)
                                (no ring)

@: not resistant to hostile enchantments, extremely unstealthy
A: horns 1
a: no special abilities


You were on level 1 of the Dungeon.
You were hungry.

You visited 1 branch of the dungeon, and saw 2 of its levels.

You collected 58 gold pieces.

Inventory:

Hand Weapons
 a - a +0 long sword (weapon)
Missiles
 d - 3 throwing nets (quivered)
Armour
 l - a cursed +0 chain mail (worn)
Wands
 m - a wand of iceblast (5/15)
Scrolls
 h - 2 scrolls of identify {unknown}
 i - a scroll of remove curse {unknown}
 k - a scroll of teleportation {unknown}
Potions
 j - a potion of heal wounds {unknown}
Comestibles
 f - 2 bread rations


   Skills:
 - Level 2.0 Fighting
 + Level 3.8 Long Blades
 - Level 1.7 Throwing
 - Level 2.6 Dodging


You had 2 spell levels left.
You didn't know any spells.

Dungeon Overview and Level Annotations

Branches:
Dungeon (2/15)

Altars:


Innate Abilities, Weirdness & Mutations

You have a pair of small horns on your head.


Message History

There is a stone staircase leading up here.
The gnoll hits you from afar with a spear.
There is a stone staircase leading up here.
The gnoll hits you from afar with a spear.
The gnoll hits you but does no damage. x2
There is a stone staircase leading up here.
The gnoll hits you from afar with a halberd!
* * * LOW HITPOINT WARNING * * *
The gnoll hits you but does no damage.
You climb upwards.
There is a stone staircase leading down here.
Your chain mail prevents you from hitting the gnoll.
You headbutt the gnoll, but do no damage.
The gnoll hits you with a spear.
* * * LOW HITPOINT WARNING * * *
The gnoll hits you from afar with a spear.
* * * LOW HITPOINT WARNING * * *
There is a stone staircase leading down here.
The gnoll hits you from afar with a spear.
You die...

....# #.......>#......#..#.......
....# #.....##........#.#........
##### #....#####.................
#### #....# #......#..........
...## ####.# ##..#.#............
.#..# #.# #..................
....# #.# #.g.#.#..#.........
.#..## ##.####........##........
....†## #.....#.@......##........
####..###.....#........#.........
#.....#..............#.........
#.#.#.#..............#.........
###.....#.....#............>.....
....#.#.......#........#...[.....
.........#######...#####.÷.......
...##.##.#...........###.#.......
...##......##....................


You could see a gnoll.

Vanquished Creatures
  A gnoll (D:2)
  3 giant geckos (D:1)
  3 goblins (D:1)
  2 hobgoblins
  2 kobolds (D:1)
  4 bats (D:1)
  4 rats
19 creatures vanquished.

Notes
Turn   | Place    | Note
-------+----------+-------------------------------------------
     0 | D:1      | George the Demonspawn Gladiator began the quest for the Orb.
     0 | D:1      | Reached XP level 1. HP: 16/16 MP: 1/1
    61 | D:1      | Reached skill level 3 in Long Blades
   188 | D:1      | Gained mutation: You have a pair of small horns on your head. [demonic ancestry]
   188 | D:1      | Reached XP level 2. HP: 13/22 MP: 2/2
  1151 | D:2      | Reached XP level 3. HP: 22/27 MP: 3/3
  1206 | D:1      | Slain by a gnoll

Vault maps used:
D:1:      kennysheep_arrival_seaside, serial_glass, glass_columns_c,
          glass_columns_a, glass_columns_a, glass_columns_c, glass_columns_a,
          glass_columns_b, glass_columns_a, glass_columns_a, minmay_bisected
D:2:      kennysheep_generic_room_10

Skill      XL: |  1 |
---------------+----+-----
Long Blades    | 3 |  3.8
Fighting       | |  2.0
Throwing       | |  1.7
Dodging        | |  2.6

Action                   || total
-------------------------++-------
Melee: Long sword        ||    71
       Headbutt          ||     6
Armor: Scale mail        ||    14
       Leather armour    ||     4
       Chain mail        ||     8
Dodge: Dodged            ||    37
